 Dungeon Crawl Stone Soup version 0.29-a0-994-gc5c9f59d18 (webtiles) character file.

Game seed: 14782044912215164707

644 Asher535 the Chopper (level 7, -1/62 HPs)
             Began as a Minotaur Berserker on Aug 3, 2022.
             Was a Priest of Trog.
             Slain by a mummy (13 damage)
             ... in an ossuary.
             The game lasted 00:08:24 (3270 turns).

Asher535 the Chopper (Minotaur Berserker)           Turns: 3270, Time: 00:08:24

Health: -1/62      AC:  8    Str: 23    XL:     7   Next: 27%
Magic:  6/6        EV: 11    Int:  4    God:    Trog [***...]
Gold:   211        SH:  0    Dex: 10    Spells: 6/6 levels left

rFire   . . .      SeeInvis .   a - +0 hand axe
rCold   . . .      Faith    .   (no shield)
rNeg    . . .      Spirit   .   e - +0 scale mail
rPois   .          Reflect  .   (helmet restricted)
rElec   .          Harm     .   (no cloak)
rCorr   .          Rampage  .   m - +0 pair of gloves
Will    .....                   (no boots)
Stlth   ..........              (no amulet)
HPRegen 0.20/turn               (no ring)
MPRegen 0.10/turn               (no ring)

@: no status effects
A: horns 2, retaliatory headbutt
a: Renounce Religion, Berserk, Trog's Hand


You were in an ossuary.
You worshipped Trog.
Trog was most pleased with you.
You visited 1 branch of the dungeon, and saw 4 of its levels.
You also visited: Ossuary.

You collected 211 gold pieces.

Inventory:

Hand Weapons
 a - a +0 hand axe (weapon)
Armour
 b - a +0 animal skin
 e - a +0 scale mail (worn)
 m - a +0 pair of gloves (worn)
Wands
 l - a wand of roots (6)
Scrolls
 c - a scroll of poison {unknown}
 d - 2 scrolls of summoning {unknown}
 f - 5 scrolls of enchant armour {unknown}
 g - 2 scrolls of teleportation {unknown}
 h - 6 scrolls of identify {unknown}
 k - a scroll of fear {unknown}
 p - a scroll of acquirement {unknown}
 q - a scroll of blinking {unknown}
Potions
 i - a potion of brilliance {unknown}
 j - a potion of curing
 n - 2 potions of lignification {unknown}
 o - a potion of cancellation {unknown}
 r - a potion of experience {unknown}


   Skills:
 + Level 5.8 Fighting
 + Level 5.8 Axes
 + Level 1.7 Throwing
 + Level 5.1 Armour
 + Level 4.6 Dodging


You had 6 spell levels left.
You didn't know any spells.
Your spell library was empty.

Dungeon Overview and Level Annotations

Branches:
Dungeon (4/15)            Ossuary (1/1)
 Temple: D:4-7

Altars:
Elyvilon


Innate Abilities, Weirdness & Mutations

You have a pair of horns on your head.
You reflexively headbutt those who attack you in melee.


Message History

The scorpion stings you. x2
* * * LOW HITPOINT WARNING * * *
You are more poisoned.
The scorpion poisons you!
* * * LOW HITPOINT WARNING * * *
You feel very sick.
You hit the scorpion.
You kill the scorpion!
Trog accepts your kill.
You hit the scorpion but do no damage.
* * * LOW HITPOINT WARNING * * *
You feel very sick.
The scorpion stings you but does no damage.
Your Armour skill increases to level 5!
You hit the scorpion but do no damage. Your headbutt misses the scorpion.
The scorpion is lightly wounded.
You feel sick. The scorpion barely misses you.
Okay, then.
It was a potion of curing.
You feel better. The scorpion closely misses you.
You hit the scorpion.
The scorpion is moderately wounded.
The scorpion stings you but does no damage. x2
You slash the scorpion! You headbutt the scorpion.
The scorpion is almost dead.
The scorpion closely misses you.
You completely miss the scorpion.
The scorpion is almost dead.
The scorpion stings you but does no damage.
You barely miss the scorpion.
The scorpion is almost dead.
The scorpion stings you.
* * * LOW HITPOINT WARNING * * *
You hit the scorpion but do no damage. You headbutt the scorpion.
You kill the scorpion!
Trog accepts your kill.
You barely miss the mummy. You slash the hobgoblin zombie!
The hobgoblin zombie is almost destroyed.
You hit the mummy but do no damage. The mummy hits you!
You die...

#...#.?!#...#.......#
#...'!.!#...'...8...#
#...#.!M#...#...#...#
##'#######'##########
#.....#.....#
#.....#.....#
#.....8.....#
#..ZM.......#
#...@.......#
###8.....8###
#...........#
#...........#
#.....8.....#
#.....#.....+
#.....#.....#
#############


You could see a mummy and a hobgoblin zombie.

Vanquished Creatures
  Grinder (D:3)
  4 scorpions (Ossuary)
  A centaur zombie (Ossuary)
  An orc priest (D:3)
  A scorpion zombie (Ossuary)
  4 adders
  2 worms (D:2)
  3 dart slugs
  10 orcs (D:3)
  7 endoplasms
  10 giant cockroaches (D:3)
  2 gnoll zombies (Ossuary)
  3 goblins
  5 hobgoblins
  3 jackals (D:2)
  6 kobolds
  5 quokkas
  9 ball pythons
  5 bats
  2 frilled lizards (D:1)
  A goblin zombie (Ossuary)
  A kobold zombie (Ossuary)
  An orc zombie (Ossuary)
  3 rats
90 creatures vanquished.

Notes
Turn   | Place    | Note
-------+----------+-------------------------------------------
     0 | D:1      | Asher535 the Minotaur Berserker began the quest for the
                  | Orb.
     0 | D:1      | Reached XP level 1. HP: 19/19 MP: 0/0
    88 | D:1      | Reached XP level 2. HP: 27/27 MP: 1/1
   794 | D:2      | Reached XP level 3. HP: 33/33 MP: 2/2
   800 | D:2      | Reached ** piety under Trog
  1176 | D:2      | Found a faded altar of an unknown god.
  1388 | D:2      | Reached XP level 4. HP: 41/41 MP: 3/3
  2267 | D:3      | Reached XP level 5. HP: 47/47 MP: 4/4
  2271 | D:3      | Found a white marble altar of Elyvilon.
  2293 | D:3      | Noticed Grinder
  2301 | D:3      | Paralysed by Grinder for 5 turns
  2312 | D:3      | Killed Grinder
  2313 | D:3      | Reached skill level 5 in Fighting
  2313 | D:3      | Reached skill level 5 in Axes
  2313 | D:3      | Reached XP level 6. HP: 25/56 MP: 5/5
  3001 | D:4      | Reached *** piety under Trog
  3029 | D:4      | Found a sand-covered staircase.
  3037 | Ossuary  | Entered an ossuary
  3180 | Ossuary  | Reached skill level 1 in Throwing
  3184 | Ossuary  | Reached XP level 7. HP: 49/61 MP: 6/6
  3263 | Ossuary  | Reached skill level 5 in Armour
  3270 | Ossuary  | Slain by a mummy

Illustrated notes

Levels and vault maps discovered:
D:1:      lightli_arrival_lavapool, layout_basic
D:2:      layout_basic, ebering_ecumenical_altar_hall, serial_glass,
          glass_columns_b, glass_columns_b, chequers_arboretum,
          chequers_serial_rivers_large_b, lemuel_another_geyser
D:3:      minmay_roachtagon, layout_basic, mainiacjoe_overflow_brackets,
          uniq_grinder
D:4:      layout_gridville, temple_green, chequers_ossuary_entry_cave
Ossuary:  ossuary_minmay_scorpions

Skill      XL: |  1  2  3  4  5  6  7 |
---------------+----------------------+-----
Fighting       | 4 5 |  5.8
Axes           | 4 5 |  5.8
Armour         | 3 4 5 |  5.1
Dodging        | 3 4 |  4.6
Throwing       | 1 |  1.7

Action                   |  1- 3 |  4- 6 |  7- 9 || total
-------------------------+-------+-------+-------++-------
Melee: Hand axe          |    83 |   116 |    17 ||   216
       Headbutt          |    14 |    21 |     2 ||    37
       Punch             |       |     1 |       ||     1
Invok: Berserk           |       |     1 |       ||     1
  Use: Potion            |       |       |     1 ||     1
Armor: Animal skin       |     2 |       |       ||     2
       Scale mail        |    42 |    43 |     7 ||    92
Dodge: Dodged            |    43 |    85 |    11 ||   139

Table legend: (Time is in decaauts)
 A = Elapsed time spent in this place.
 B = Non-inter-level travel time spent in this place.
 C = Inter-level travel time spent in this place.
 D = Time resting spent in this place.
 E = Time spent auto-exploring this place.
 F = Levels seen in this place.
 G = Mean time per level.
                   A        B        C        D        E       F      G
               +--------+--------+--------+--------+--------+-----+--------+
         Total |   3322 |   3322 |      0 |    275 |   2042 |   5 |  664.4 |
       Dungeon |   3088 |   3088 |      0 |    275 |   1929 |   4 |  772.0 |
       Ossuary |    234 |    234 |      0 |      0 |    113 |   1 |  234.0 |
               +--------+--------+--------+--------+--------+-----+--------+

Top non-repeatable levels by time:
     D:2: 1203 daAuts
     D:3: 1070 daAuts
     D:1: 763 daAuts
 Ossuary: 234 daAuts
     D:4: 50 daAuts
